 Dungeon Crawl Stone Soup version 0.28.0-53-g5a82cb258f (webtiles) character file.

Game seed: 16260790118018723104

52 Eitelfritz the Chopper (level 3, 0/33 HPs)
             Began as a Hill Orc Fighter on Aug 6, 2022.
             Slain by a gnoll
             ... wielding a +1 antimagic flail
              (7 damage)
             ... on level 2 of the Dungeon.
             The game lasted 00:03:04 (1804 turns).

Eitelfritz the Chopper (Hill Orc Fighter)           Turns: 1804, Time: 00:03:06

Health: 0/33       AC:  7    Str: 20    XL:     3   Next: 85%
Magic:  0/3        EV:  9    Int:  8    God:
Gold:   60         SH:  4    Dex: 10    Spells: 2/2 levels left

rFire   . . .      SeeInvis .   a - +0 war axe
rCold   . . .      Faith    .   c - +0 buckler
rNeg    . . .      Spirit   .   b - +0 scale mail
rPois   .          Reflect  .   (no helmet)
rElec   .          Harm     .   (no cloak)
rCorr   .          Rampage  .   (no gloves)
Will    .....                   (no boots)
Stlth   ..........              (no amulet)
HPRegen 0.11/turn               (no ring)
MPRegen 0.08/turn               (no ring)

@: no status effects
A: no striking features
a: no special abilities


You were on level 2 of the Dungeon.
You visited 1 branch of the dungeon, and saw 3 of its levels.

You collected 60 gold pieces.

Inventory:

Hand Weapons
 a - a +0 war axe (weapon)
 m - a +1 vorpal hand axe
 o - the +8 hunting sling of Satyriasis {freeze, rC+ Str+4 Stlth+}
   (You found it on level 3 of the Dungeon)

   Any ammunition fired from it freezes those it strikes, dealing additional
   cold damage.
   It can also slow down cold-blooded creatures.
   Str:       It affects your strength (+4).
   rC:        It protects you from cold.
   Stlth:     It makes you more stealthy.
Missiles
 g - 5 poisoned darts (quivered)
Armour
 b - a +0 scale mail (worn)
 c - a +0 buckler (worn)
Scrolls
 f - a scroll of fear {unknown}
 h - a scroll of enchant armour {unknown}
 i - a scroll of fog {unknown}
 k - a scroll of vulnerability {unknown}
 l - 2 scrolls of identify {unknown}
Potions
 d - a potion of might
 e - a potion of flight {unknown}
 j - a potion of attraction {unknown}
 n - a potion of haste {unknown}


   Skills:
 + Level 3.8 Fighting
 + Level 4.2 Axes
 + Level 3.8 Armour
 + Level 0.2 Dodging
 + Level 0.1 Stealth
 + Level 3.5 Shields


You had 2 spell levels left.
You didn't know any spells.
Your spell library contained the following spells:

 Spells                   Type           Power      Damage    Failure   Level
 Foxfire                  Conj/Fire      0%         2x1d4     85%         1
 Conjure Flame            Conj/Fire      0%         6-21      99%         3
 Inner Flame              Hex/Fire       0%         N/A       99%         3
 Flame Wave               Conj/Fire      0%         2d4       100%        4


Dungeon Overview and Level Annotations

Branches:
Dungeon (3/15)

Altars:
Fedhas

Shops:
D:2 =


Message History

The gnoll shouts!
A giant cockroach and a ball python come into view.
The ball python hisses angrily.
You see here the +8 hunting sling of Satyriasis {freeze, rC+ Str+4 Stlth+}.
o - the +8 hunting sling of Satyriasis {freeze, rC+ Str+4 Stlth+} You can't go up here!
Found 19 sling bullets.
The ball python bites you but does no damage.
You block the ball python's attack. You block the gnoll's attack.
The gnoll hits you but does no damage.
The ball python bites you but does no damage.
The ball python closely misses you. The gnoll hits you but does no damage.
The gnoll barely misses you.
The gnoll hits you with a +1 antimagic flail.
You feel your power leaking away.
There is a stone staircase leading up here.
The giant cockroach barely misses you. You block the gnoll's attack.
You climb upwards.
There is a stone staircase leading down here.
You closely miss the gnoll. You barely miss the giant cockroach.
The giant cockroach bites you but does no damage. x2
You block the gnoll's attack.
You closely miss the gnoll. You barely miss the giant cockroach.
The giant cockroach barely misses you.
The gnoll hits you with a +1 antimagic flail!
You feel your power leaking away. The giant cockroach barely misses you.
You closely miss the gnoll.
You completely miss the giant cockroach.
The gnoll hits you but does no damage.
The giant cockroach bites you but does no damage.
You hit the gnoll.
The gnoll is heavily wounded.
You hit the giant cockroach.
The gnoll hits you with a +1 antimagic flail!
* * * LOW HITPOINT WARNING * * *
You block the giant cockroach's attack.
The gnoll hits you with a +1 antimagic flail!
You die...

##[#.####.......####.##
##...##. .....#
#....##...##..#####.#####
.....# ##..###..........#..#
.##..#####..##............<.#
.##.........................#
.##.........................#
............................#
....#...#.#.#...g(.........##
........#.#.#..B@..........#
....##....................##
....##.####..............##
.......# #.###.#........##
.....######.#
#.##.....#..#######
##..........#
#..#....#.........#
#....####..#
##...#..#.........# #....#
#..# ##..#............#
#....# #..# ##...#..........#


You could see a gnoll and a giant cockroach.

Vanquished Creatures
  3 dart slugs
  4 endoplasms
  5 giant cockroaches
  2 goblins
  3 hobgoblins
  A quokka (D:3)
  8 ball pythons
  5 bats
  2 frilled lizards
  7 kobolds
  3 rats (D:1)
43 creatures vanquished.

Notes
Turn   | Place    | Note
-------+----------+-------------------------------------------
     0 | D:1      | Eitelfritz the Hill Orc Fighter began the quest for the
                  | Orb.
     0 | D:1      | Reached XP level 1. HP: 19/19 MP: 1/1
   338 | D:1      | Found a faded altar of an unknown god.
   344 | D:1      | Reached skill level 3 in Axes
   346 | D:1      | Reached XP level 2. HP: 27/27 MP: 2/2
   355 | D:1      | You fall into a shaft and drop 1 floor!
   355 | D:2      | Found a blossoming altar of Fedhas.
   860 | D:1      | Reached XP level 3. HP: 33/33 MP: 3/3
  1448 | D:2      | Reached skill level 4 in Axes
  1494 | D:2      | Found Kyibi's Jewellery Boutique.
  1782 | D:3      | Identified the +8 hunting sling of Satyriasis {freeze, rC+
                  | Str+4 Stlth+}
  1804 | D:2      | Slain by a gnoll

Illustrated notes

Levels and vault maps discovered:
D:1:      dpeg_arrival_circle_labyrinth_c, layout_basic,
          nicolae_ecumenical_snake_handling, minmay_misc_feat_roman,
          minmay_cut_off
D:2:      layout_rooms, basic_altar, serial_shops, nicolae_shop_behind_doors,
          grunt_decor_fettered
D:3:      layout_rooms, serial_shops, nicolae_shop_waterfront, minmay_liquid_box

Skill      XL: |  1  2  3 |
---------------+----------+-----
Axes           | 3 4 |  4.2
Fighting       | |  3.8
Armour         | |  3.8
Dodging        | |  0.2
Stealth        | |  0.1
Shields        | |  3.5

Action                   || total
-------------------------++-------
Melee: War axe           ||   107
Armor: Scale mail        ||    70
Dodge: Dodged            ||    56
Block: Buckler           ||    32
